 Dungeon Crawl Stone Soup version 0.20.1-1-g8b1a95d (webtiles) character file.

9975 Monsterracer the Geomancer (level 11, -27/66 HPs)
             Began as a Gargoyle Earth Elementalist on Oct 25, 2017.
             Was an Elder of Vehumet.
             Killed from afar by a balrug (45 damage)
             ... with a bolt of fire
             ... on level 1 of the Abyss.
             The game lasted 00:34:20 (14933 turns).

Monsterracer the Geomancer (GrEE)                  Turns: 14933, Time: 00:34:21

Health: -27/66     AC: 14    Str: 12    XL:     11   Next: 54%
Magic:  12/21      EV: 12    Int: 17    God:    Vehumet [****..]
Gold:   588        SH: 11    Dex: 14    Spells: 9/24 levels left

rFire    . . .     SeeInvis .   a - +2 flail (protect)
rCold    . . .     Gourm    .   s - +2 buckler
rNeg     + . .     Faith    .   z - +0 troll leather armour
rPois    ∞         Spirit   .   (no helmet)
rElec    +         Reflect  .   (no cloak)
rCorr    .         Harm     .   j - +0 pair of gloves
MR       .....     Clarity  +   y - +0 pair of boots
Stlth    ++........             (no amulet)
Regen    0.7/turn               u - +2 ring of dexterity
MPRegen  0.2/turn               (no ring)

@: about to teleport
A: large bone plates 1, agile 1, clarity, dopey 1, negative energy resistance 1,
electricity resistance, unbreathing, petrification resistance, rot immunity,
MP-powered wands, AC +7
a: Renounce Religion


You were on level 1 of the Abyss.
You worshipped Vehumet.
Vehumet was greatly pleased with you.
You were hungry.

You visited 1 branch of the dungeon, and saw 11 of its levels.
You visited the Abyss 1 time.

You collected 588 gold pieces.

Inventory:

Hand Weapons
 a - a +2 flail of protection (weapon)
 b - a +0 hand axe of flaming
Missiles
 l - 188 stones (quivered)
Armour
 j - a +0 pair of gloves (worn)
 s - a +2 buckler (worn)
 w - a +1 scale mail of cold resistance
 y - a +0 pair of boots (worn)
 z - a +0 troll leather armour (worn)
 E - a +1 leather armour of fire resistance
Jewellery
 e - an uncursed ring of fire
 u - a +2 ring of dexterity (left hand)
Wands
 q - a wand of flame (29/48)
 x - a wand of digging (2/24)
 D - a wand of flame (19/48)
Scrolls
 c - a scroll of amnesia
 n - 4 scrolls of identify
 o - 2 scrolls of remove curse
 p - a scroll of teleportation
 r - a scroll of recharging
Potions
 g - 2 potions of curing
 h - 2 potions of haste
 k - 2 potions of mutation {!q}
 m - a potion of agility
 t - 2 potions of might
 C - a potion of flight
Comestibles
 d - 5 bread rations
 i - 25 fruits
 v - 4 royal jellies
 A - 2 meat rations


   Skills:
 + Level 6.6 Fighting
 + Level 5.5 Maces & Flails
 + Level 3.9 Armour
 - Level 1.5 Dodging
 - Level 2.1 Stealth
 - Level 4.0 Shields
 + Level 7.0 Spellcasting
 + Level 7.8 Conjurations
 - Level 0.7 Transmutations
 * Level 12.9 Earth Magic


You had 9 spell levels left.
You knew the following spells:

 Your Spells              Type           Power        Failure   Level  Hunger
a - Sandblast             Erth           #####.       1%          1    None
b - Conjure Flame         Conj/Fire      ###.....     2%          3    ##.....
c - Stone Arrow           Conj/Erth      #####.       1%          3    ##.....
d - Lee's Rapid Deconstr  Erth           #####.....   1%          5    #####..
e - Passwall              Tmut/Erth      ####......   1%          2    None
z - Apportation           Tloc           #.....       14%         1    None


Dungeon Overview and Level Annotations

Branches:
Dungeon (11/15)            Temple (0/1) D:7            Lair (0/6) D:8
    Orc (0/2) D:10

Altars:
Ashenzari
Dithmenos
Kikubaaqudgha
Nemelex Xobeh
Okawaru
Qazlal
Ru
Sif Muna
Vehumet
Xom
Yredelemnul
Zin
The Shining One

Shops:
D:7 %

Annotations:
D:11 Erolcha


Innate Abilities, Weirdness & Mutations

You are resistant to torment.
Your stone body is resilient. (AC +7)
You are immune to poison.
You resist negative energy. (rN+)
You are resistant to electric shocks. (rElec)
You can survive without breathing.
You are immune to petrification.
You are immune to rotting.
You are partially covered in large bone plates. (SH +4)
You are agile. (Dex +2)
You possess an exceptional clarity of mind.
You are dopey. (Int -2)
You expend magic power (3 MP) to strengthen your wands.


Message History

Vehumet accepts your kill.
The chaos spawn hits you but does no damage.
You hit the chaos spawn but do no damage.
Your weapon exudes an aura of protection.
You block the chaos spawn's attack.
You barely miss the chaos spawn. The chaos spawn barely misses you.
Okay, then.
You hit the chaos spawn but do no damage.
You block the chaos spawn's attack.
You hit the chaos spawn but do no damage.
You block the chaos spawn's attack.
You thump the chaos spawn!
The chaos spawn is moderately wounded.
The chaos spawn hits you but does no damage.
You hit the chaos spawn but do no damage.
The chaos spawn is moderately wounded.
The chaos spawn closely misses you.
You hit the chaos spawn but do no damage.
The chaos spawn is moderately wounded.
The chaos spawn closely misses you.
You hit the chaos spawn.
The chaos spawn is moderately wounded.
You block the chaos spawn's attack.
You hit the chaos spawn but do no damage.
The chaos spawn is moderately wounded.
The chaos spawn gibbers incoherently in a cacophony of voices.
You block the chaos spawn's attack.
You closely miss the chaos spawn.
The chaos spawn is moderately wounded.
The chaos spawn hits you!
You feel your power leaking away. The chaos spawn closely misses you.
You closely miss the chaos spawn.
The chaos spawn is moderately wounded.
The chaos spawn closely misses you.
You hit the chaos spawn.
The chaos spawn is moderately wounded.
The chaos spawn hits you! The chaos spawn shocks you. You resist.
Casting: Stone Arrow
Confirm with . or Enter, or press ? or * to list all spells.
Aiming: Stone Arrow
Press: ? - help, Shift-Dir - straight line, f - chaos spawn
Aim: a chaos spawn (moderately wounded)
The stone arrow hits the chaos spawn.
The chaos spawn is severely wounded.
The chaos spawn gores you but does no damage.
Casting: Stone Arrow
Confirm with . or Enter, or press ? or * to list all spells.
Aiming: Stone Arrow
Press: ? - help, Shift-Dir - straight line, f/p - chaos spawn
Aim: a chaos spawn (severely wounded)
The stone arrow hits the chaos spawn.
You kill the chaos spawn!
Vehumet accepts your kill.
You feel your power returning.
The chaos spawn degenerates into a cloud of primal chaos!
Your Spellcasting skill increases to level 7!
The blizzard demon shouts!
Press: ? - help, v - describe, . - travel
Here: a blizzard demon The floor.
Casting: Stone Arrow
Confirm with . or Enter, or press ? or * to list all spells.
Aiming: Lee's Rapid Deconstruction
Press: ? - help, Dir - move target cursor The metal wall shatters!
The blast of metal fragments hits the blizzard demon.
You are feeling hungry.
As you read the scroll of teleportation, it crumbles to dust.
You feel strangely unstable.
You feel the power of the Abyss delaying your translocation!
You enter the shallow water.
Moving in this stuff is going to be slow.
You see here a scroll of noise.
You are suddenly pulled into a different region of the Abyss!
Found 3 fruits.
A balrug comes into view. It is wielding an enchanted demon whip.
The balrug shouts!
The balrug gestures at you. The bolt of fire hits you!
The balrug gestures at you. The bolt of fire hits you!
Ouch! That really hurt!
* * * LOW HITPOINT WARNING * * *
Unknown command.
There is an open door here.
You close the door.
As you read the scroll of teleportation, it crumbles to dust.
You feel strangely unstable.
You feel the power of the Abyss delaying your translocation!
A balrug opens the door.
You feel much better. The balrug gestures at you. Something smites you!
* * * LOW HITPOINT WARNING * * *
Unknown command.
The balrug gestures at you. The bolt of fire hits you!
Ouch! That really hurt!
You die...

##.##...#..##....#
# ..#.#...§...###
.. ##.#....X...'..
# ..#.#.......## .
.##..###2##### ..
......#.#
###......#
#..###.# # #@#
#....# #....#
....... ######..
####


You could see a tentacled starspawn and a balrug.

Vanquished Creatures
  A hydra (D:11)
  4 two-headed ogres
  The ghost of Regeox the Cruncher, a novice MiBe of Trog (D:8)
  2 trolls
  4 slime creatures (D:10)
  A chaos spawn (Abyss:1)
  A ynoxinul (Abyss:1)
  2 water moccasins
  Duvessa (D:7)
  2 hell hounds (D:8)
  3 orc warriors
  2 sky beasts
  2 ice beasts
  A black bear (D:8)
  6 ogres
  5 centaurs
  2 big kobolds
  5 bullfrogs
  Dowan (D:7)
  3 killer bees (D:8)
  4 scorpions
  8 wights
  2 howler monkeys
  2 crimson imps
  A lava snake (D:9)
  A centaur skeleton (D:7)
  4 orc priests
  5 hounds
  2 jellies
  A bullfrog skeleton (D:9)
  3 worker ants
  2 iguanas
  9 orc wizards
  A killer bee zombie (D:7)
  A hound zombie (D:10)
  A hound skeleton (D:5)
  A howler monkey zombie (D:9)
  A worker ant zombie (D:9)
  A howler monkey skeleton (D:10)
  17 gnolls
  12 adders
  2 shadow imps
  A white imp (Abyss:1)
  An ooze (D:1)
  An adder zombie (D:5)
  An adder skeleton (D:5)
  A worm (D:6)
  A dart slug (D:1)
  8 leopard geckos
  43 orcs
  2 ball pythons
  2 giant cockroaches
  11 goblins
  11 hobgoblins
  16 jackals
  11 kobolds
  3 quokkas
  15 bats
  2 frilled lizards (D:2)
  A jackal zombie (D:8)
  2 leopard gecko skeletons
  6 rats
269 creatures vanquished.

Vanquished Creatures (others)
  An orc wizard (D:10)
1 creature vanquished.

Grand Total: 270 creatures vanquished

Notes
Turn   | Place    | Note
-------+----------+-------------------------------------------
     0 | D:1      | Monsterracer the Gargoyle Earth Elementalist began the quest for the Orb.
     0 | D:1      | Reached XP level 1. HP: 10/10 MP: 3/3
   427 | D:1      | Reached skill level 4 in Earth Magic
   427 | D:1      | Reached XP level 2. HP: 14/15 MP: 1/5
   436 | D:1      | Learned a level 2 spell: Passwall
   547 | D:1      | HP: 5/15 [jackal (3)]
   554 | D:1      | HP: 3/15 [jackal (3)]
   588 | D:1      | HP: 3/15 [bat (1)]
   593 | D:1      | HP: 3/15 [bat (1)]
   594 | D:1      | Reached XP level 3. HP: 3/19 MP: 2/6
   609 | D:1      | Learned a level 3 spell: Stone Arrow
  1347 | D:2      | Found a sparkling altar of Nemelex Xobeh.
  1542 | D:2      | HP: 8/19 [hobgoblin/club (3)]
  1826 | D:2      | Reached skill level 5 in Earth Magic
  2620 | D:3      | Reached XP level 4. HP: 24/24 MP: 8/8
  2929 | D:3      | Reached skill level 1 in Conjurations
  3013 | D:3      | HP: 12/24 [jackal (2)]
  3023 | D:3      | HP: 8/24 [jackal (3)]
  3026 | D:3      | HP: 3/24 [jackal (2)]
  3555 | D:3      | Reached XP level 5. HP: 28/28 MP: 4/9
  4222 | D:3      | Reached skill level 6 in Earth Magic
  4228 | D:3      | HP: 14/28 [adder (3)]
  4489 | D:3      | Reached XP level 6. HP: 20/32 MP: 5/11
  4496 | D:3      | Learned a level 5 spell: Lee's Rapid Deconstruction
  4704 | D:3      | Found a sacrificial altar of Ru.
  4710 | D:3      | Found a stormy altar of Qazlal.
  4713 | D:3      | Found a radiant altar of Vehumet.
  4801 | D:3      | Became a worshipper of Vehumet
  4937 | D:4      | HP: 14/32 [orc wizard/puff of frost (9)]
  5144 | D:4      | Noticed an angel
  5145 | D:4      | Found a shimmering altar of Xom.
  5145 | D:4      | Found a glowing silver altar of Zin.
  5375 | D:4      | Reached skill level 7 in Earth Magic
  6119 | D:4      | Found a deep blue altar of Sif Muna.
  6196 | D:5      | Entered Level 5 of the Dungeon
  6214 | D:5      | Noticed an ice beast
  6220 | D:5      | Found a shadowy altar of Dithmenos.
  6251 | D:5      | HP: 16/32 [something/puff of flame (4)]
  6263 | D:5      | HP: 8/32 [something/puff of flame (5)]
  6322 | D:5      | Noticed a water moccasin
  6334 | D:5      | HP: 14/32 [jackal (1)]
  6523 | D:5      | Reached XP level 7. HP: 30/36 MP: 12/12
  6731 | D:5      | Reached * piety under Vehumet
  6731 | D:5      | Offered knowledge of Flame Tongue by Vehumet.
  7109 | D:5      | Reached skill level 8 in Earth Magic
  7109 | D:5      | Reached XP level 8. HP: 41/41 MP: 7/14
  7540 | D:6      | Found a basalt altar of Yredelemnul.
  7863 | D:6      | Reached skill level 1 in Fighting
  7938 | D:6      | Reached skill level 5 in Conjurations
  8081 | D:5      | HP: 21/43 [orc wizard/magic dart (7)]
  8084 | D:5      | Reached skill level 9 in Earth Magic
  8096 | D:5      | Offered knowledge of Throw Flame by Vehumet.
  8098 | D:5      | HP: 15/43 [orc/club (1)]
  8102 | D:5      | Reached ** piety under Vehumet
  8301 | D:5      | HP: 13/43 [ogre/giant club (22)]
  8641 | D:6      | Reached skill level 5 in Spellcasting
  8646 | D:6      | Gained mutation: Your spells are a little easier to cast, but a little less powerful. [mutagenic meat]
  8647 | D:6      | Lost mutation: Your spells are a little easier to cast, but a little less powerful. [potion of mutation]
  8647 | D:6      | Gained mutation: You are agile. (Dex +2) [potion of mutation]
  8647 | D:6      | Gained mutation: You are dopey. (Int -2) [potion of mutation]
  8647 | D:6      | Gained mutation: You possess an exceptional clarity of mind. [potion of mutation]
  8648 | D:6      | Gained mutation: You expend magic power (3 MP) to strengthen your wands. [mutagenic meat]
  8649 | D:6      | Gained mutation: You are partially covered in iridescent scales. (AC +2) [mutagenic meat]
  8650 | D:6      | Gained mutation: You are partially covered in large bone plates. (SH +4) [mutagenic meat]
  8651 | D:6      | Lost mutation: You are partially covered in iridescent scales. (AC +2) [mutagenic meat]
  8854 | D:7      | Found an ancient bone altar of Kikubaaqudgha.
  8860 | D:7      | Reached skill level 1 in Maces & Flails
  8894 | D:7      | Found a staircase to the Ecumenical Temple.
  8978 | D:7      | Found Mobotog's Food Shop.
  8982 | D:7      | Noticed Duvessa
  8985 | D:7      | Noticed Dowan
  8994 | D:7      | Killed Duvessa
  8994 | D:7      | Reached XP level 9. HP: 44/49 MP: 9/16
  9004 | D:7      | Killed Dowan
  9115 | D:7      | Reached skill level 10 in Earth Magic
  9385 | D:7      | Found an iron altar of Okawaru.
  9528 | D:7      | Offered knowledge of Static Discharge by Vehumet.
  9662 | D:8      | Noticed Regeox's ghost (novice MiBe)
 10147 | D:8      | Found a glowing golden altar of the Shining One.
 10320 | D:8      | Reached skill level 1 in Shields
 10327 | D:8      | HP: 18/51 [Regeox's ghost (11)]
 10598 | D:9      | Noticed a troll
 10602 | D:9      | Killed a troll
 10905 | D:8      | Found a staircase to the Lair.
 10907 | D:8      | Noticed a two-headed ogre
 10980 | D:8      | Reached *** piety under Vehumet
 11172 | D:8      | Killed a two-headed ogre
 11172 | D:8      | Reached skill level 11 in Earth Magic
 11172 | D:8      | Reached XP level 10. HP: 58/58 MP: 4/19
 11432 | D:8      | HP: 29/58 [Regeox's ghost (4)]
 11433 | D:8      | Killed Regeox's ghost
 11556 | D:8      | Reached skill level 5 in Fighting
 11558 | D:8      | Offered knowledge of Force Lance by Vehumet.
 11862 | D:9      | Noticed a two-headed ogre
 11870 | D:9      | Killed a two-headed ogre
 11870 | D:9      | Reached skill level 1 in Armour
 11985 | D:9      | Found a shattered altar of Ashenzari.
 12237 | D:9      | Found a deep blue altar of Sif Muna.
 12517 | D:9      | Noticed a two-headed ogre
 12523 | D:9      | Killed a two-headed ogre
 12523 | D:9      | Reached skill level 12 in Earth Magic
 12682 | D:9      | Learned a level 1 spell: Apportation
 12875 | D:10     | Entered Level 10 of the Dungeon
 12901 | D:10     | Found a staircase to the Orcish Mines.
 12919 | D:10     | Reached XP level 11. HP: 46/64 MP: 7/20
 13046 | D:10     | Got a faintly glowing robe
 13047 | D:10     | Identified the +1 robe "Nosybirgh" {Regen+ Str-4 Dex+2 Stlth+} (You found it on level 10 of the Dungeon)
 13172 | D:10     | HP: 30/64 [slime creature (13)]
 13177 | D:10     | HP: 21/64 [slime creature (12)]
 13191 | D:10     | HP: 9/64 [slime creature (15)]
 13581 | D:10     | Reached skill level 5 in Maces & Flails
 13816 | D:10     | Reached **** piety under Vehumet
 13986 | D:10     | Offered knowledge of Conjure Flame by Vehumet.
 13993 | D:10     | Learned a level 3 spell: Conjure Flame
 14336 | D:11     | Noticed a two-headed ogre
 14344 | D:11     | Noticed a six-headed hydra
 14344 | D:11     | Killed a two-headed ogre
 14351 | D:11     | Killed a six-headed hydra
 14757 | D:11     | Noticed Erolcha
 14765 | D:11     | Cast into level 1 of the Abyss (Erolcha)
 14872 | Abyss:1  | Noticed a blizzard demon
 14909 | Abyss:1  | Noticed a balrug
 14925 | Abyss:1  | HP: 2/66 [balrug/bolt of fire (44)]
 14932 | Abyss:1  | HP: 18/66 [balrug/divine providence (14)]
 14933 | Abyss:1  | Noticed a tentacled starspawn
 14933 | Abyss:1  | Killed from afar by a balrug

Skill      XL: |  1  2  3  4  5  6  7  8  9 10 11 |
---------------+----------------------------------+-----
Earth Magic    | 4 5 6 7 8 9 11 12 | 12.9
Spellcasting   | 3 4 5 6 7 |  7.0
Conjurations   | 1 2 3 4 5 6 7 |  7.8
Fighting       | 2 4 5 6 |  6.6
Maces & Flails | 1 3 4 5 |  5.5
Shields        | 3 4 |  4.0
Armour         | 2 3 |  3.9
Dodging        | |  1.5
Stealth        | |  2.1
Transmutations | |  0.7

Action                   |  1- 3 |  4- 6 |  7- 9 | 10-12 || total
-------------------------+-------+-------+-------+-------++-------
Melee: Dagger            |   137 |       |       |       ||   137
       Unarmed           |     6 |       |       |     8 ||    14
       Short sword       |    36 |     5 |       |       ||    41
       Spear             |       |   156 |       |       ||   156
       Flail             |       |    86 |   247 |   239 ||   572
 Cast: Sandblast         |    13 |    31 |     5 |     5 ||    54
       Stone Arrow       |     1 |    21 |    89 |    67 ||   178
       Lee's Rapid Decon |       |       |     6 |    14 ||    20
       Conjure Flame     |       |       |       |     3 ||     3
  Use: Scroll            |       |    12 |     6 |     6 ||    24
       Potion            |       |       |     1 |     1 ||     2
 Stab: Sleeping          |     4 |     2 |     2 |       ||     8
       Distracted        |       |       |       |     1 ||     1
  Eat: Chunk             |     6 |     8 |    26 |    17 ||    57
       Bread ration      |       |     1 |       |       ||     1
       Royal jelly       |       |     1 |       |       ||     1
       Fruit             |       |       |     3 |     2 ||     5
Armor: Robe              |    64 |   126 |   135 |       ||   325
       Troll leather arm |       |       |    12 |   105 ||   117
       Skin              |       |       |       |     3 ||     3
Dodge: Dodged            |   124 |   195 |   190 |   125 ||   634
Block: Other             |       |       |    26 |       ||    26
       Buckler           |       |       |       |   150 ||   150

Vault maps used:
D:1:      roderic_chinese_lattice_arrival
D:2:      nemelex_xobeh_ov_fountains_minmay, first_bread
D:3:      minmay_overflow_temple_star_quad, dk_noncrumbling_3
D:4:      grunt_temple_overflow_order_and_chaos_1, lemuel_blue_sif_altar
D:5:      cheibrodos_quashed, grunt_dithmenos_smoke_and_mirrors
D:6:      yredelemnul_altar_generic
D:7:      okawaru_ov_weapons_minmay, kiku_gazebo_garden_becter,
          minmay_temple_entry_glass, serial_shops, shop, uniq_duvessa
D:8:      nicolae_tso_carved_into_rock, minmay_lair_entry_lava,
          blue_anna_alchemist
D:9:      lemuel_round_altar, kennysheep_small_spiral, ashenzari_altar_1
D:10:     erik_orc_3
D:11:     uniq_erolcha
